 Dungeon Crawl Stone Soup version 0.29.1-15-g9cfb28693d (webtiles) character file.

Game seed: 3325944235662928604

53936 vvlvvlvvlvvlvvl the Envoy of Void (level 14, -2/108 (111) HPs)
             Began as a Demonspawn Abyssal Knight on Apr 9, 2023.
             Was a High Priest of Lugonu.
             Killed by divine providence
             ... invoked by an orc high priest
              (14 damage)
             ... on level 2 of the Orcish Mines.
             The game lasted 01:46:50 (30229 turns).

vvlvvlvvlvvlvvl the Envoy of Void (DsAK)           Turns: 30229, Time: 01:46:51

HP:   -2/108 (111)  AC: 33    Str: 22    XL:     14   Next: 32%
MP:   27/27         EV: 20    Int: 12    God:    Lugonu [*****.]
Gold: 1571          SH:  0    Dex: 18    Spells: 8/31 levels left

rFire   . . .      SeeInvis .   s - +0 scythe (protect)
rCold   . . .      Faith    .   (shield currently unavailable)
rNeg    . . .      Spirit   .   J - +0 swamp dragon scales
rPois   +          Reflect  .   G - +2 helmet of the Other World {+Blink Fly}
rElec   .          Harm     .   (cloak unavailable)
rCorr   .          Rampage  .   o - +1 Delatra's gloves {ID++}
Will    +....                   X - +1 pair of boots
Stlth   +.........              y - amulet of magic regeneration
HPRegen 0.28/turn               n - +6 ring of strength
MPRegen 0.60/turn               e - +4 ring of evasion

@: about to teleport, sanguine armoured, under a protective aura, flying,
lightly drained
A: ignite blood 2, spiny 1, sanguine armour 2, weakness stinger 3, agile 1
a: Renounce Religion, Evoke Blink, Depart the Abyss, Bend Space, Banish,
Corrupt, Enter the Abyss


You were on level 2 of the Orcish Mines.
You worshipped Lugonu.
Lugonu was extremely pleased with you.
You visited 3 branches of the dungeon, and saw 19 of its levels.
You visited the Abyss 1 time.

You collected 1729 gold pieces.
You spent 158 gold pieces at shops.

Inventory:

Hand Weapons
 s - a +0 scythe of protection (weapon)
 t - a +1 dagger of venom
 F - a +2 war axe of pain
 S - a +2 trident of venom
Armour
 o - the +1 Delatra's gloves (worn) {ID++}
   (You found it on level 2 of the Dungeon)

   It heals its wearer when they drink unknown potions.
   It restores its wearer's MP when they read unknown scrolls.
 G - the +2 helmet of the Other World (worn) {+Blink Fly}
   (You acquired it on level 11 of the Dungeon)

   Fly:       It grants you flight.
   +Blink:    It lets you blink.
 J - +0 swamp dragon scales (worn)
 X - a +1 pair of boots (worn)
Jewellery
 e - a +4 ring of evasion (right hand)
 n - a +6 ring of strength (left hand)
 w - the ring of Romaq {rF+ rC+ Dex+3 Slay-2}
   (You found it on level 5 of the Lair of Beasts)

   [ring of protection from fire]

   Dex:       It affects your dexterity (+3).
   Slay:      It affects your accuracy & damage with ranged weapons and melee
   (-2).
   rF:        It protects you from fire.
   rC:        It protects you from cold.
 y - an amulet of magic regeneration (around neck)
 I - a +6 ring of intelligence
Wands
 b - a wand of flame (24)
 j - a wand of iceblast (11)
 B - a wand of polymorph (10)
 K - a wand of mindburst (7)
 Q - a wand of digging (2)
 Y - a wand of paralysis (7)
Scrolls
 a - 4 scrolls of magic mapping
 f - 3 scrolls of vulnerability
 g - a scroll of brand weapon
 l - a scroll of enchant weapon
 m - 2 scrolls of butterflies
 p - 3 scrolls of poison
 q - 7 scrolls of teleportation
 u - a scroll of silence
 v - 3 scrolls of immolation
 C - a scroll of amnesia
 H - a scroll of torment
 N - 3 scrolls of enchant armour
 T - a scroll of summoning
 U - a scroll of fear
Potions
 c - 4 potions of heal wounds
 d - 10 potions of curing
 h - 5 potions of haste
 i - a potion of brilliance
 k - 2 potions of lignification
 r - a potion of berserk rage
 x - 3 potions of attraction
 z - 2 potions of mutation
 A - 3 potions of resistance
 D - 5 potions of ambrosia
 E - 3 potions of flight
 L - a potion of might
 O - a potion of invisibility
Miscellaneous
 V - a phantom mirror


   Skills:
 + Level 10.7 Fighting
 - Level 2.0 Long Blades
 + Level 5.5 Polearms
 - Level 7.0 Armour
 + Level 9.3 Dodging
 + Level 9.4 Spellcasting
 + Level 10.9 Necromancy
 + Level 6.7 Ice Magic
 + Level 13.3 Invocations
 + Level 1.7 Evocations


You had 8 spell levels left.
You knew the following spells:

 Your Spells              Type           Power      Damage    Failure   Level
a - Necrotise             Necr           100%       1d9       1%          1
b - Dispel Undead         Necr           31%        3d14      2%          4
c - Agony                 Necr           31%        N/A       6%          5
d - Wereblood             Tmut           5%         N/A       28%         2
e - Frozen Ramparts       Ice            42%        1d7       3%          3
f - Freeze                Ice            84%        1d10      1%          1
g - Ozocubu's Armour      Ice            21%        N/A       3%          3
h - Hailstorm             Conj/Ice       13%        3d5       43%         4

Your spell library contained the following spells:

 Spells                   Type           Power      Damage    Failure   Level
 Sublimation of Blood     Necr           31%        N/A       1%          2
 Ensorcelled Hibernation  Hex/Ice        26%        N/A       7%          2
 Apportation              Tloc           10%        N/A       19%         1
 Summon Small Mammal      Summ           20%        N/A       19%         1
 Passwall                 Tmut/Erth      4%         N/A       28%         2
 Static Discharge         Conj/Air       5%         3-4/arc   28%         2
 Dazzling Flash           Conj/Hex       10%        N/A       50%         3
 Swiftness                Air            5%         N/A       50%         3
 Tukima's Dance           Hex            5%         N/A       50%         3
 Passage of Golubria      Tloc           5%         N/A       88%         4
 Sticky Flame             Conj/Fire      5%         2d3       88%         4
 Lightning Bolt           Conj/Air       2%         1d14      99%         5
 Silence                  Hex/Air        2%         N/A       99%         5
 Yara's Violent Unravell  Hex/Tmut       2%         3d3       99%         5
 Ozocubu's Refrigeration  Ice            10%        4d9       100%        7
 Summon Hydra             Summ           2%         N/A       100%        7
 Maxwell's Capacitive Co  Air            2%         ∞         100%        8


Dungeon Overview and Level Annotations

Branches:
Dungeon (12/15)            Temple (0/1) D:7            Lair (5/5) D:8
  Swamp (0/4) Lair:2        Snake (0/4) Lair:3        Slime (0/5) Lair:4
    Orc (2/2) D:12
    Elf: Orc:2

Altars:
Ashenzari
Cheibriados
Dithmenos
Gozag
Hepliaklqana
Kikubaaqudgha
Makhleb
Nemelex Xobeh
Okawaru
Ru
Trog
Uskayaw
Xom
Jiyva

Shops:
D:2 :   D:4 !   D:6 ?   D:10 *   Orc:2 !?

Annotations:
Lair:2 corrupted
Lair:4 3 runed translucent doors, exclusion: 3 oklob plants, Zaegoraum's ghost, journeyman DsAK


Innate Abilities, Weirdness & Mutations

Your demonic aura often causes spilled blood to erupt in flames.
You are partially covered in sharp spines.
When seriously injured, your blood forms thick armour. (AC +9)
You have a sharp stinger which inflicts weakening toxins.
You are agile. (Dex +4, Str/Int -1)


Message History

The orc knight is engulfed in blazing flames.
The wall freezes the orc knight but does no damage.
The orc knight roars a battlecry!
The orcs go into a battle-frenzy!
Unknown command.
You slice the orc knight!!
The orc knight is heavily wounded.
Your primal bloodlust has ended.
The wall freezes the sixfirhy. x4
The wall freezes the sixfirhy but does no damage.
The wall freezes the sixfirhy.
The wall freezes the orc high priest.
The orc high priest mumbles some strange prayers to Beogh against you.
Beogh smites you!
The orc sorcerer mumbles some strange words.
The orc knight is engulfed in blazing flames.
The wall freezes the orc knight but does no damage.
The orc knight hits you but does no damage.
The sun demon is frozen!
The wall freezes the sun demon.
The sun demon is struck by your spines. The sun demon completely misses you.
The wall freezes the sixfirhy.
Unknown command.
Unknown command.
Unknown command.
As you read the scroll of teleportation, it crumbles to dust.
You feel strangely unstable.
The frozen ramparts melt away.
The sun demon is struck by your spines.
The sun demon hits you but does no damage.
The orc knight is engulfed in blazing flames.
The orc knight completely misses you.
The orc high priest utters an invocation to Beogh.
You closely miss the orc knight.
The orc knight is severely wounded.
The sixfirhy disappears in a puff of smoke!
The sun demon hits you!
* * * LOW HITPOINT WARNING * * *
You are engulfed in flames!
* * * LOW HITPOINT WARNING * * *
The orc high priest calls down the wrath of Beogh upon you.
Beogh smites you!
You die...

#....## #....## #....##
##...)## ## ##.)##).##
.## #####.#.###).## o.##
##.#....#.###.)## o..#
#..........###..##oo. #..
............###)@#.#.....
..........).# ##3oooo3...
...........## ##o4.#.#.#
......#...## ####.....
...........####.###3.#.#
.............#...###.....
..................###∩.∩#
..........)#.#.....###.##
.......)..^.##......####


You could see an orc knight, an orc high priest (strong), a sun demon
(summoned), a neqoxec (summoned), a ynoxinul (summoned), a chaos spawn
(summoned), an orc sorcerer (strong), an orc priest (strong) and an orc
(strong).

Vanquished Creatures
  An ettin (Orc:1)
  7 hydras
  3 two-headed ogres
  10 death yaks
  5 skeletal warriors (D:11)
  4 orc knights
  Pikel (D:5)
  A manticore (D:6)
  3 orc sorcerers (Orc:2)
  8 cane toads
  2 black mambas
  Joseph (D:8)
  Psyche (D:8)
  5 rime drakes
  6 komodo dragons
  An ice devil (Orc:1)
  A hellwing (Orc:1)
  3 trolls
  A queen bee (Orc:1)
  A polar bear (Lair:5)
  A tyrant leech (Lair:2)
  11 blink frogs
  Sigmund (D:2)
  A shadow (D:11)
  2 wraiths
  4 wyverns
  36 yaks
  A vampire (D:9)
  A basilisk (Lair:5)
  Eustachio (D:6)
  Grum (D:8)
  2 steam dragons (Lair:5)
  4 nagas
  Edmund (D:5)
  A warg (Orc:1)
  2 swamp worms (Lair:2)
  15 water moccasins
  Duvessa (D:7)
  21 orc warriors
  3 ice beasts
  4 black bears
  A tengu (D:8)
  3 ogres
  11 centaurs
  8 wolves
  2 lemures (D:4)
  2 kobold brigands
  A phantom (D:4)
  15 bullfrogs
  Blork the orc (D:6)
  A necrophage (D:7)
  3 gnoll sergeants
  6 scorpions
  6 wights
  Dowan (D:7)
  47 killer bees
  An electric eel (Lair:3)
  6 howler monkeys
  12 orc priests
  5 hounds
  A gnoll bouda (Orc:2)
  A jelly (D:7)
  Terence (D:2)
  2 iguanas
  11 orc wizards
  2 hell rats (Lair:3)
  24 gnolls
  10 river rats (Lair:3)
  11 adders
  A shadow imp (D:6)
  A white imp (D:5)
  An ufetubus (D:4)
  A worm (D:3)
  3 dart slugs
  48 orcs
  9 endoplasms
  3 giant cockroaches
  8 goblins
  12 hobgoblins
  6 jackals
  2 quokkas
  6 ball pythons
  10 bats
  2 frilled lizards (D:1)
  18 kobolds
  9 rats
  A spectral hobgoblin (D:6)
515 creatures vanquished.

Vanquished Creatures (others)
  A torpor snail (Lair:2)
  A cane toad (Lair:2)
  A komodo dragon (Lair:2)
  6 yaks (Lair:2)
  2 water moccasins (Lair:2)
  4 wolves (Lair:2)
  An orc wizard (Orc:1)
  2 orcs (Orc:2)
  A butterfly (D:8)
  43 fungi
  67 plants
  4 starspawn tentacles (Lair:2)
133 creatures vanquished.

Grand Total: 648 creatures vanquished

Notes
Turn   | Place    | Note
-------+----------+-------------------------------------------
     0 | Abyss:1  | vvlvvlvvlvvlvvl the Demonspawn Abyssal Knight began the
                  | quest for the Orb.
     0 | Abyss:1  | Reached XP level 1. HP: 18/18 MP: 2/2
    72 | D:1      | Escaped the Abyss
    98 | D:1      | Reached skill level 1 in Dodging
   313 | D:1      | Gained mutation: When seriously injured, your blood forms
                  | armour. (AC +9) [demonic ancestry]
   313 | D:1      | Reached XP level 2. HP: 24/24 MP: 3/3
   475 | D:1      | Found a faded altar of an unknown god.
   954 | D:1      | Reached *** piety under Lugonu
  1065 | D:1      | Gained mutation: You are partially covered in sharp spines.
                  | [demonic ancestry]
  1065 | D:1      | Reached XP level 3. HP: 23/29 MP: 5/5
  1301 | D:1      | Reached skill level 3 in Invocations
  1564 | D:2      | Noticed Terence
  1576 | D:2      | Killed Terence
  1577 | D:2      | Reached skill level 1 in Spellcasting
  1577 | D:2      | Gained mutation: You have a small tail. [demonic ancestry]
  1577 | D:2      | Reached XP level 4. HP: 12/35 MP: 6/6
  1822 | D:2      | Found Quptisip's Book Shop.
  2186 | D:2      | Found the +1 Delatra's gloves {ID++}
  2545 | D:2      | Reached XP level 5. HP: 37/42 MP: 7/7
  2657 | D:2      | Noticed Sigmund
  2688 | D:2      | Killed Sigmund
  2689 | D:2      | Reached skill level 4 in Invocations
  2689 | D:2      | Reached XP level 6. HP: 23/48 MP: 7/9
  3210 | D:3      | Reached **** piety under Lugonu
  3775 | D:4      | Found a snail-covered altar of Cheibriados.
  4285 | D:4      | Found a bloodstained altar of Trog.
  4306 | D:4      | Found Hutren's Distillery.
  4312 | D:4      | Bought a potion of curing for 36 gold pieces
  4312 | D:4      | Bought a potion of curing for 36 gold pieces
  4312 | D:4      | Bought a potion of heal wounds for 60 gold pieces
  4588 | D:5      | Entered Level 5 of the Dungeon
  4589 | D:5      | Noticed a water moccasin
  4603 | D:4      | Reached skill level 1 in Necromancy
  4771 | D:5      | Noticed Pikel
  4797 | D:5      | Gained mutation: Your demonic aura sometimes causes spilled
                  | blood to erupt in flames. [demonic ancestry]
  4797 | D:5      | Reached XP level 7. HP: 55/55 MP: 10/10
  4824 | D:4      | Reached skill level 5 in Invocations
  5390 | D:5      | Gained mutation: You possess an exceptional clarity of
                  | mind. [potion of mutation]
  5390 | D:5      | Lost mutation: You possess an exceptional clarity of mind.
                  | [potion of mutation]
  5390 | D:5      | Gained mutation: You are agile. (Dex +4, Str/Int -1)
                  | [potion of mutation]
  5577 | D:5      | Killed Pikel
  5578 | D:5      | Reached skill level 5 in Fighting
  5578 | D:5      | Reached skill level 6 in Invocations
  5578 | D:5      | Gained mutation: You have a tail ending in a sharp stinger.
                  | [demonic ancestry]
  5578 | D:5      | Reached XP level 8. HP: 58/62 MP: 11/13
  5622 | D:5      | Noticed Edmund
  5633 | D:5      | Killed Edmund
  6399 | D:6      | Found Neosat's Magic Scroll Shoppe.
  6411 | D:6      | Bought a scroll of identify for 26 gold pieces
  6413 | D:6      | Noticed Eustachio
  6435 | D:6      | Killed Eustachio
  6436 | D:6      | Gained mutation: You have a sharp stinger which inflicts
                  | weakening toxins. [demonic ancestry]
  6436 | D:6      | Reached XP level 9. HP: 48/69 MP: 15/15
  6610 | D:6      | Noticed Blork the orc
  6615 | D:6      | Killed Blork the orc
  6627 | D:6      | Noticed a manticore
  6633 | D:6      | HP: 2/69 [manticore/volley of spikes (12)]
  6639 | D:6      | Killed a manticore
  6640 | D:6      | Reached skill level 5 in Armour
  6640 | D:6      | Reached skill level 7 in Invocations
  6912 | D:6      | Found a shadowy altar of Dithmenos.
  7195 | D:6      | Found a hazy altar of Hepliaklqana.
  7307 | D:7      | Found a hide-covered altar of Uskayaw.
  7313 | D:7      | Noticed Dowan
  7315 | D:7      | Noticed Duvessa
  7323 | D:7      | Killed Dowan
  7324 | D:7      | Killed Duvessa
  7325 | D:7      | Reached skill level 5 in Necromancy
  7420 | D:7      | Reached skill level 5 in Dodging
  7421 | D:7      | Reached ***** piety under Lugonu
  7552 | D:7      | Found a staircase to the Ecumenical Temple.
  7590 | D:7      | Reached skill level 5 in Spellcasting
  8121 | D:7      | Reached skill level 8 in Invocations
  8140 | D:7      | Reached XP level 10. HP: 40/77 MP: 17/17
  8634 | D:7      | Found a burning altar of Makhleb.
  8634 | D:7      | Found a sacrificial altar of Ru.
  8641 | D:7      | Found a sparkling altar of Nemelex Xobeh.
  8646 | D:7      | Found an iron altar of Okawaru.
  8869 | D:8      | Noticed Grum
  8881 | D:8      | Killed Grum
  8900 | D:8      | Noticed Joseph
  8903 | D:8      | Paralysed by Joseph for 4 turns
  8918 | D:8      | Paralysed by Joseph for 5 turns
  8926 | D:8      | Killed Joseph
  9415 | D:8      | Found a staircase to the Lair.
  9435 | D:8      | Noticed Maggie
  9438 | D:8      | Noticed Maggie
  9438 | D:8      | Maggie changed into Maggie the tengu
  9449 | D:8      | Killed Maggie the tengu
  9535 | D:8      | Noticed Psyche
  9547 | D:8      | Killed Psyche
  9548 | D:8      | Reached skill level 9 in Invocations
 10576 | D:8      | Found an ancient bone altar of Kikubaaqudgha.
 11380 | D:8      | Learned a level 1 spell: Necrotise
 11385 | D:8      | Learned a level 4 spell: Dispel Undead
 11626 | D:9      | Reached XP level 11. HP: 70/85 MP: 20/20
 11972 | D:9      | Noticed a two-headed ogre
 11976 | D:9      | Killed a two-headed ogre
 11977 | D:9      | Reached skill level 1 in Ice Magic
 12507 | D:9      | Found a shadowy altar of Dithmenos.
 12642 | D:9      | Found a shimmering altar of Xom.
 12642 | D:9      | Found a shimmering altar of Xom.
 12642 | D:9      | Found a shimmering altar of Xom.
 12642 | D:9      | Found a shimmering altar of Xom.
 12643 | D:9      | Found a shimmering altar of Xom.
 12643 | D:9      | Found a shimmering altar of Xom.
 12643 | D:9      | Found a shimmering altar of Xom.
 12643 | D:9      | Found a shimmering altar of Xom.
 12644 | D:9      | Found a shimmering altar of Xom.
 12644 | D:9      | Found a shimmering altar of Xom.
 12998 | D:9      | Found a shimmering altar of Xom.
 12998 | D:9      | Found a shimmering altar of Xom.
 13170 | D:10     | Entered Level 10 of the Dungeon
 13254 | D:10     | Found an opulent altar of Gozag.
 13407 | D:10     | Found Gozag's Platinum Reserve.
 13526 | D:10     | Noticed a two-headed ogre
 13534 | D:10     | Killed a two-headed ogre
 13535 | D:10     | Reached skill level 10 in Invocations
 13692 | D:10     | Found a broken altar of Ashenzari.
 13872 | D:10     | Reached ****** piety under Lugonu
 14463 | D:10     | Learned a level 5 spell: Agony
 14865 | D:11     | Noticed a boulder beetle
 14882 | D:11     | Banished a boulder beetle
 15287 | D:11     | Noticed an eight-headed hydra
 15291 | D:11     | Killed an 11-headed hydra
 15439 | D:11     | Noticed a skeletal warrior
 15439 | D:11     | Noticed a skeletal warrior
 15439 | D:11     | Noticed a skeletal warrior
 15439 | D:11     | Noticed a skeletal warrior
 15439 | D:11     | Noticed a skeletal warrior
 16063 | Lair:1   | Entered Level 1 of the Lair of Beasts
 16217 | Lair:1   | Gained mutation: Your demonic aura often causes spilled
                  | blood to erupt in flames. [demonic ancestry]
 16217 | Lair:1   | Reached XP level 12. HP: 94/94 MP: 23/23
 17212 | Lair:2   | Corrupted Lair:2
 17212 | Lair:2   | Noticed an ancient lich
 17212 | Lair:2   | Noticed a tentacled starspawn
 17212 | Lair:2   | Noticed a bone dragon
 17212 | Lair:2   | Noticed a white very ugly thing
 17215 | Lair:2   | Noticed a red draconian scorcher
 17215 | Lair:2   | Noticed a bone dragon
 17633 | Lair:2   | Noticed a five-headed hydra
 17640 | Lair:2   | Killed a six-headed hydra
 17641 | Lair:2   | Reached skill level 1 in Polearms
 17922 | Lair:2   | Reached skill level 11 in Invocations
 18452 | Lair:2   | Noticed a five-headed hydra
 18458 | Lair:2   | Banished a five-headed hydra
 18555 | Lair:2   | Found a staircase to the Swamp.
 20029 | Lair:3   | Found a staircase to the Snake Pit.
 20815 | Lair:3   | Noticed a death yak
 20820 | Lair:3   | Noticed a death yak
 20821 | Lair:3   | Noticed a death yak
 20822 | Lair:3   | Noticed a death yak
 20823 | Lair:3   | Noticed a death yak
 20825 | Lair:3   | Noticed a death yak
 21486 | Lair:2   | Killed a death yak
 21491 | Lair:2   | Killed a death yak
 21648 | Lair:2   | Learned a level 2 spell: Wereblood
 21652 | Lair:2   | Learned a level 3 spell: Frozen Ramparts
 21654 | Lair:2   | Learned a level 1 spell: Freeze
 21697 | Lair:2   | Banished a death yak
 21698 | Lair:2   | HP: 4/96 [death yak (14)]
 22153 | Lair:2   | Banished a death yak
 22156 | Lair:2   | Banished a death yak
 22157 | Lair:2   | Reached skill level 5 in Ice Magic
 22388 | Lair:3   | Killed a death yak
 22949 | Lair:4   | Noticed a seven-headed hydra
 22954 | Lair:4   | Killed a ten-headed hydra
 22955 | Lair:4   | Gained mutation: When seriously injured, your blood forms
                  | thick armour. (AC +9) [demonic ancestry]
 22955 | Lair:4   | Reached XP level 13. HP: 82/101 MP: 25/25
 23408 | Lair:4   | Reached skill level 12 in Invocations
 23947 | Lair:4   | Found a runed translucent gate.
 23948 | Lair:4   | Found a runed translucent gate.
 24087 | Lair:4   | Found a viscous altar of Jiyva.
 24089 | Lair:4   | Found a staircase to the Slime Pits.
 24379 | Lair:4   | Found a runed translucent gate.
 24382 | Lair:4   | Noticed an acid blob
 24382 | Lair:4   | Noticed Zaegoraum's ghost (journeyman DsAK)
 24382 | Lair:4   | Noticed an acid blob
 24382 | Lair:4   | Noticed an azure jelly
 24382 | Lair:4   | Noticed a rockslime
 24382 | Lair:4   | Noticed an acid blob
 24382 | Lair:4   | Noticed an azure jelly
 24382 | Lair:4   | Noticed an acid blob
 24382 | Lair:4   | Noticed an azure jelly
 24631 | Lair:4   | Reached skill level 10 in Necromancy
 24895 | Lair:4   | Found a viscous altar of Jiyva.
 24922 | Lair:5   | Entered Level 5 of the Lair of Beasts
 24993 | Lair:5   | Reached skill level 10 in Fighting
 25671 | Lair:5   | Identified the ring of Romaq {rF+ rC+ Dex+3 Slay-2}
 26181 | Lair:5   | Noticed a fire dragon
 26190 | Lair:5   | Banished a fire dragon
 26568 | Lair:5   | Learned a level 3 spell: Ozocubu's Armour
 26573 | Lair:5   | Learned a level 4 spell: Hailstorm
 27104 | D:11     | Reached skill level 5 in Polearms
 27158 | D:11     | Reached XP level 14. HP: 53/111 MP: 20/27
 27398 | D:11     | Identified a scroll of acquirement
 27417 | D:11     | Acquired the +2 helmet of the Other World {+Blink Fly}
 27453 | D:11     | Reached skill level 13 in Invocations
 27646 | D:12     | Found a staircase to the Orcish Mines.
 27724 | Orc:1    | Entered Level 1 of the Orcish Mines
 28319 | Orc:2    | Entered Level 2 of the Orcish Mines
 28366 | Orc:1    | Reached skill level 1 in Evocations
 30206 | Orc:2    | Found Vyaroos's Distillery.
 30218 | Orc:2    | Found Huff's Magic Scroll Shop.
 30229 | Orc:2    | Killed from afar by an orc high priest

Illustrated notes

Levels and vault maps discovered:
D:1:      minmay_arrival_diagonal_passages, layout_loops_cross,
          hellmonk_ecumenical_altar_heavens_door, minmay_misc_feat_x
D:2:      layout_basic, serial_shops, nicolae_lakefront_shop, serial_glass,
          glass_columns_c, glass_columns_a, interstate_on_off,
          pf_guarded_unrand_delatra, uniq_terence, uniq_sigmund
D:3:      layout_basic, kennysheep_generic_room_8
D:4:      nicolae_cairo_tiling_very_big, layout_gridville,
          mainiacjoe_overflow_small_starburst, mainiacjoe_overflow_catwalk,
          serial_shops, shop, minmay_cupped
D:5:      old_forge, layout_cave_pools, serial_park, serial_park_square3
          [serial_park_minivault_5x5_5], serial_park_tiny_pond,
          serial_park_square1 [serial_park_minivault_5x5_6],
          portal_sewer_entry_c, skrybe_limestone_x, serial_bayou_lagoon_a,
          uniq_edmund, uniq_pikel
D:6:      layout_rooms, nicolae_hepliaklqana_monster_ancestors, serial_shops,
          shop_scrolls, hangedman_decor_lopped, grunt_decor_arrowhead,
          hangedman_decor_diamond_cutter, hangedman_feature_mirror,
          chequers_serial_rivers_large_a, uniq_blork_the_orc, uniq_eustachio
D:7:      layout_loops_ring, nicolae_overflow_hallway_of_the_gods,
          minmay_temple_entry_arrows, enter_ossuary_1, grunt_potential,
          uniq_duvessa
D:8:      layout_basic, nicolae_elyvilon_peaceful_grove, lemuel_doored_altar,
          minmay_lair_entry_grove, uniq_maggie, uniq_joseph, uniq_grum,
          uniq_psyche
D:9:      layout_loops_ring, xom_shifter_show, old_standard_altar
D:10:     layout_stronghold, nicolae_gozag_zags_fifth_avenue,
          mainiacjoe_overflow_chevrons, st_stairs_8
D:11:     layout_roguey
D:12:     cheibrodos_magma_flow, layout_irregular_city, orc_0_dummy,
          serial_rivers, chequers_serial_rivers_small_b,
          chequers_serial_rivers_small_b, chequers_serial_rivers_small_b,
          chequers_serial_rivers_micro_d, chequers_serial_rivers_micro_a,
          minmay_misc_feat_alley, uniq_sonja
Lair:1:   layout_small_grid, lemuel_fruit_tree, lemuel_fruit_fields
Lair:2:   layout_gridlike, palyth_hydra_swamp_entry,
          lightli_volcano_entry_magma_tube, grunt_megastairs_5
Lair:3:   layout_cave_pods, minmay_snake_entry_guardpost_small,
          kennysheep_rathole, serial_bayou_shore_a
Lair:4:   layout_regular_city, minmay_slime_entry_oklob_enclosed,
          gammafunk_ghost_ooze, lemuel_fruit_fields
Lair:5:   guppyfry_lair_end_dragon, layout_gridlike, grunt_megastairs_4
Orc:1:    layout_caves, special_room [special_room_bee], nicolae_orc_bridge_out,
          nicolae_orc_tapped_out
Orc:2:    pf_orc_diabolical, layout_caves, serial_shops, shop

Skill      XL: |  1  2  3  4  5  6  7  8  9 10 11 12 13 14 |
---------------+-------------------------------------------+-----
Dodging        | 1 2 3 4 5 6 7 8 9 |  9.3
Long Blades    | 2 |  2.0
Armour         | 2 3 4 5 6 7 |  7.0
Invocations    | 3 4 6 8 9 10 11 12 13 | 13.3
Spellcasting   | 1 2 3 4 5 6 7 8 9 |  9.4
Fighting       | 4 5 6 7 8 9 10 | 10.7
Necromancy     | 1 3 4 5 7 8 9 10 | 10.9
Ice Magic      | 3 5 6 |  6.7
Polearms       | 3 5 |  5.5
Evocations     | 1 |  1.7

Action                   |  1- 3 |  4- 6 |  7- 9 | 10-12 | 13-15 || total
-------------------------+-------+-------+-------+-------+-------++-------
Melee: Falchion          |   105 |    60 |       |       |       ||   165
       Tailslap          |       |     8 |    33 |    79 |    76 ||   196
       Halberd           |       |    72 |   228 |   577 |   427 ||  1304
       Unarmed           |       |       |       |     7 |       ||     7
 Cast: Necrotise         |       |       |       |     8 |       ||     8
       Dispel Undead     |       |       |       |     3 |     9 ||    12
       Frozen Ramparts   |       |       |       |       |     8 ||     8
       Ozocubu's Armour  |       |       |       |       |     4 ||     4
       Wereblood         |       |       |       |       |     2 ||     2
       Hailstorm         |       |       |       |       |     1 ||     1
Invok: Banish            |       |       |       |    10 |     4 ||    14
       Corrupt           |       |       |       |     1 |       ||     1
Evoke: Wand              |       |     1 |       |    31 |     3 ||    35
  Use: Potion            |       |     4 |     5 |     6 |     6 ||    21
       Scroll            |       |       |       |    16 |     3 ||    19
 Stab: Sleeping          |       |     1 |     3 |     1 |       ||     5
       Held in net/web   |       |       |     1 |       |       ||     1
       Paralysed         |       |       |       |       |     6 ||     6
Armor: Leather armour    |    26 |    54 |    29 |       |       ||   109
       Skin              |       |    31 |    16 |       |       ||    47
       Robe              |       |       |    77 |    95 |       ||   172
       Swamp dragon scal |       |       |       |   250 |   295 ||   545
Dodge: Dodged            |    62 |    93 |   224 |   602 |   603 ||  1584
